 Dungeon Crawl Stone Soup version 0.20-a0-270-g8e735b6 (webtiles) character file.

651 gamerape the Skirmisher (level 7, 0/50 HPs)
             Began as an Octopode Abyssal Knight on Dec 10, 2016.
             Was a Priest of Lugonu.
             Slain by a hound (2 damage)
             ... on level 4 of the Dungeon.
             The game lasted 00:16:44 (4145 turns).

gamerape the Skirmisher (Octopode Abyssal Knight)   Turns: 4145, Time: 00:16:45

Health: 0/50       AC:  1    Str: 12    XL:     7   Next: 53%
Magic:  9/9        EV: 15    Int: 14    God:    Lugonu [***...]
Gold:   122        SH:  0    Dex: 13    Spells: 6/6 levels left

rFire  . . .     SeeInvis .     u - -2 dagger (curse)
rCold  . . .     Gourm    .     (no shield)
rNeg   . . .     Faith    .     (helmet restricted)
rPois  .         Spirit   .     l - amulet of harm
rElec  .         Reflect  .     (no ring)
rCorr  .         Harm     +     (no ring)
MR     .....                    (no ring)
Stlth  ++++......               (no ring)
                                (no ring)
                                (no ring)
                                (no ring)
                                (no ring)

@: no status effects
A: almost no armour, stealthy swim, amphibious, 8 rings, constrict 8, camouflage
1, gelatinous body 1
a: Depart the Abyss, Bend Space, Banish, Renounce Religion


You were on level 4 of the Dungeon.
You worshipped Lugonu.
Lugonu was most pleased with you.
You were not hungry.

You visited 1 branch of the dungeon, and saw 4 of its levels.
You visited the Abyss 1 time.

You collected 122 gold pieces.

Inventory:

Hand Weapons
 a - a +1 falchion
 i - a +3 dagger
 u - a cursed -2 dagger (weapon)
Missiles
 h - 5 tomahawks
 m - 4 poisoned tomahawks (quivered)
Jewellery
 l - an amulet of harm (around mantle)
Wands
 r - a wand of lightning (12/15)
Scrolls
 c - a scroll of blinking
 e - 2 scrolls of amnesia
 f - 2 scrolls of identify
 g - 6 scrolls of teleportation
Potions
 j - a potion of might {unknown}
 n - a potion of agility {unknown}
 p - 2 potions of heal wounds {unknown}
 s - a potion of flight {unknown}
 t - a potion of beneficial mutation {unknown}
Comestibles
 b - 5 bread rations
 d - a royal jelly
 q - a fruit


   Skills:
 * Level 5.3 Fighting
 + Level 3.7 Long Blades
 + Level 4.0 Dodging
 + Level 5.0 Stealth
 + Level 3.7 Invocations


You had 6 spell levels left.
You didn't know any spells.

Dungeon Overview and Level Annotations

Branches:
Dungeon (4/15)
 Temple: D:4-7

Altars:


Innate Abilities, Weirdness & Mutations

You cannot wear most types of armour.
You are very stealthy in the water. (Stealth+)
You are amphibious.
You can wear up to eight rings at the same time.
You can use your tentacles to constrict eight enemies at once.
Your skin changes colour to match your surroundings (Stealth+).
Your rubbery body absorbs attacks. (AC +1, EV +1)


Message History

You throw a poisoned tomahawk.
The poisoned tomahawk barely misses the hound.
The hound bites you.
* * * LOW HITPOINT WARNING * * *
The hound completely misses you.
Throwing (i - inventory. (,) - cycle):
m - 5 poisoned tomahawks (quivered)
Press: ? - help, Shift-Dir - straight line, f/p - hound
Aim: a hound You throw a poisoned tomahawk.
The poisoned tomahawk hits the hound.
The hound is poisoned.
The hound is lightly wounded.
The hound bites you.
* * * LOW HITPOINT WARNING * * *
The hound closely misses you. The hound misses you.
The hound barely misses you. The hound bites you.
* * * LOW HITPOINT WARNING * * *
The hound bites you.
You die...

#..>..........#......###.#
#.#.................[.....
#...###.#....[.........#.#
#######)#<#).).)#..##..#.#
#..))###.#...#......#.#
#.###....#'#.#.....<#.#
#.).#..........#.#.##.#
###.#............#....#
#####.....@........######.#
#..........h............#)#
#................#..###.#.#
#................#..###.#)#
#................#......#.#
#................#...####'#
#.........####'#.#...# #...
#......(..# #.#.[..(# #...
#.........# #.###(#.# #...


You could see a hound.

Vanquished Creatures
  Edmund (D:4)
  An ogre (D:4)
  2 hounds (D:4)
  4 orc wizards
  Ijyb (D:2)
  A worker ant (D:3)
  Robin (D:4)
  3 adders
  6 gnolls (D:3)
  An adder skeleton (D:3)
  3 dart slugs
  4 worms
  7 leopard geckos
  14 orcs
  3 ball pythons (D:3)
  5 giant cockroaches
  13 goblins
  9 hobgoblins
  4 kobolds
  3 bats
  14 frilled lizards
  15 rats
115 creatures vanquished.

Notes
Turn   | Place    | Note
-------+----------+-------------------------------------------
     0 | Abyss:1  | gamerape the Octopode Abyssal Knight began the quest for the Orb.
     0 | Abyss:1  | Reached XP level 1. HP: 16/16 MP: 2/2
    21 | Abyss:1  | Found a corrupted altar of Lugonu.
    44 | Abyss:1  | Noticed a tentacled starspawn
    46 | Abyss:1  | Noticed a raiju
    47 | D:1      | Escaped the Abyss
    56 | D:1      | Reached * piety under Lugonu
   139 | D:1      | Reached XP level 2. HP: 11/21 MP: 3/3
   268 | D:1      | Reached skill level 1 in Stealth
   433 | D:1      | Reached XP level 3. HP: 14/26 MP: 4/4
   578 | D:1      | Reached ** piety under Lugonu
  1158 | D:2      | Reached XP level 4. HP: 31/31 MP: 5/5
  1452 | D:2      | Noticed Ijyb
  1457 | D:2      | Killed Ijyb
  1748 | D:3      | Reached XP level 5. HP: 27/37 MP: 6/6
  2468 | D:3      | Reached *** piety under Lugonu
  2512 | D:3      | Reached XP level 6. HP: 40/43 MP: 8/8
  3070 | D:4      | Reached XP level 7. HP: 44/49 MP: 9/9
  3156 | D:4      | Noticed Robin
  3182 | D:4      | Killed Robin
  3182 | D:4      | Reached skill level 5 in Fighting
  3568 | D:3      | HP: 2/50 [something (8)]
  3924 | D:4      | Noticed Edmund
  4135 | D:4      | Killed Edmund
  4135 | D:4      | Reached skill level 5 in Stealth
  4143 | D:4      | HP: 1/50 [hound (3)]
  4145 | D:4      | Slain by a hound

Vault maps used:
D:1:      minmay_arrival_three_doors, minmay_lizard_king
D:2:      uniq_iyjb
D:3:      first_bread, minmay_misc_feat_nine_boxes
D:4:      uniq_edmund, uniq_robin

Skill      XL: |  1  2  3  4  5  6  7 |
---------------+----------------------+-----
Stealth        | 1 3 4 5 |  5.0
Dodging        | 3 4 |  4.0
Fighting       | 4 5 |  5.3
Long Blades    | 3 |  3.7
Invocations    | 3 |  3.7

Action                   |  1- 3 |  4- 6 |  7- 9 || total
-------------------------+-------+-------+-------++-------
Melee: Falchion          |    63 |    89 |     2 ||   154
       Constrict         |    27 |    36 |    24 ||    87
       Tentacles         |    10 |    24 |    23 ||    57
       Dagger            |       |       |    94 ||    94
Throw: Tomahawk          |       |     9 |     3 ||    12
Invok: Depart the Abyss  |     1 |       |       ||     1
       Bend Space        |     1 |       |       ||     1
Evoke: Wand              |       |       |     1 ||     1
  Use: Scroll            |       |       |     7 ||     7
       Potion            |       |       |     2 ||     2
 Stab: Sleeping          |    11 |     7 |       ||    18
       Distracted        |       |     1 |       ||     1
  Eat: Chunk             |     1 |     6 |       ||     7
       Bread ration      |       |       |     1 ||     1
Armor: Skin              |     3 |     4 |     3 ||    10
Dodge: Dodged            |    38 |    49 |    49 ||   136
       Rpst.: Falchion   |     9 |    13 |       ||    22
